[Event "Late-Titled-Tuesday-Blitz-April-02-2024"]
[Site "Chess.com"]
[Date "2024.04.02"]
[Round "6"]
[White "Heliosis11"]
[Black "RebelJohnny"]
[Result "0-1"]
[WhiteElo "2416"]
[BlackElo "2614"]
[TimeControl "180+1"]
[EndTime "15:04:54 PDT"]
[Termination "RebelJohnny won on time"]

1. e4 d6 2. d4 Nf6 3. Nc3 c6 4. Nf3 Bg4 5. h3 Bh5 6. Be3 e6 7. Be2 Be7 8. a4 O-O 9. O-O d5 10. e5 Nfd7 11. Nb1 c5 12. c3 Nc6 13. Nfd2 Bg6 14. Na3 cxd4 15. cxd4 a6 16. Qb3 Na5 17. Qd1 Rc8 18. f4 Qb6 19. Ra2 f6 20. Kh1 fxe5 21.
fxe5 Rxf1+ 22. Nxf1 Qb3 23. Qxb3 Nxb3 24. Bg4 Kf7 25.
Nd2 Nxd2 26. Bxd2 Nb6 27. Bc3 Nxa4 28. Bd2 Nb6 29. Ra1 Bxa3 30. bxa3 Nc4 31. Rf1+ Ke7 32.
Bb4+ Kd7 33. Rf3 a5 34. Be1 b6 35. h4 h5 36. Bh3 Ke7 37. Rg3 Kf7 38. Bxe6+ Kxe6 39. Rxg6+ Kf5 40. Rxg7 Ne3 41. Bd2 Ng4 42. Rg5+ Ke4 43. g3 Rc2 44. Bf4 Kxd4 45. e6 Nf2+ 46.
Kg2 Ne4+ 47. Kf3 Nxg5+ 48. Bxg5 Ke5 49. e7 Rc8 50. g4 hxg4+ 51. Kxg4 Ke6 52. h5 Kf7 53.
Kf5 Re8 54. h6 b5 55. Bf6 b4 56. axb4 axb4 57. h7 b3 0-1

[Event "Late-Titled-Tuesday-Blitz-April-02-2024"]
[Site "Chess.com"]
[Date "2024.04.02"]
[Round "6"]
[White "santosalberto1987"]
[Black "KATPAH"]
[Result "1-0"]
[WhiteElo "2527"]
[BlackElo "2664"]
[TimeControl "180+1"]
[EndTime "15:04:54 PDT"]
[Termination "santosalberto1987 won by checkmate"]

1. e4 e5 2. Nf3 d6 3. d4 Bg4 4. dxe5 Nd7 5. e6 fxe6 6. Nc3 Ngf6 7. Be2 e5 8. h3 Bh5 9. Be3 c6 10. Qd2 Be7 11. Ng5 Bxe2 12. Qxe2 Qa5 13. Ne6 Nxe4 14.
O-O Nxc3 15. bxc3 g6 16. f4 Nf8 17. fxe5 Nxe6 18. exd6 Bxd6 19. Bd4 Ke7 20. Rae1 Qd5 21.
Rf6 Rhd8 22. Rxe6+ Kd7 23. Bf6 Rf8 24. Be7 Bc5+ 25. Kh1 Rf2 26. Qg4 Kc7 27. Rd1 Rxg2 28. Rxd5 Rxg4 29. hxg4 cxd5 30. Bxc5 b6 31. Bd4 Rf8 32.
Re7+ Kc6 33. Rxh7 Rf4 34. g5 Rf1+ 35. Kg2 Rc1 36. Rxa7 Rxc2+ 37. Kf3 Rc1 38. Rg7 Kb5 39. Rxg6 Rf1+ 40. Kg4 Ra1 41. Rxb6+ Kc4 42. Kf5 Rxa2 43. g6 Ra7 44. g7 Rf7+ 45. Kg6 Rxg7+ 46. Kxg7 Kd3 47.
Kf6 Kc4 48. Ke5 Kd3 49. Kxd5 Kc2 50. c4 Kd3 51. c5 Ke2 52. Rb3 Kd2 53. c6 Kc2 54. Rc3+ Kb2 55. c7 Ka1 56. c8=Q Ka2 57. Qb7 Ka1 58. Ra3# 1-0

[Event "Late-Titled-Tuesday-Blitz-April-02-2024"]
[Site "Chess.com"]
[Date "2024.04.02"]
[Round "6"]
[White "Koksal06"]
[Black "Narek_Ghimoyan"]
[Result "1-0"]
[WhiteElo "2650"]
[BlackElo "2472"]
[TimeControl "180+1"]
[EndTime "15:04:55 PDT"]
[Termination "Koksal06 won by checkmate"]

1. c4 e6 2. Nc3 d5 3. d4 Nf6 4. Nf3 Be7 5. Bf4 O-O 6. e3 b6 7.
Rc1 dxc4 8. Bxc4 Ba6 9. Bxa6 Nxa6 10. O-O c5 11. Qa4 Qc8 12. Bg5 Qb7 13. Rfd1 h6 14. Bh4 Rfd8 15. Nb5 cxd4 16. Nbxd4 Nc5 17. Qc6 Qxc6 18.
Nxc6 Rxd1+ 19. Rxd1 Kf8 20. Nfe5 Ke8 21. b4 Nce4 22.
Nxe7 Kxe7 23. Rd7+ Ke8 24. Rxf7 Rc8 25. h3 Rc1+ 26.
Kh2 g5 27. Bg3 Nxg3 28. Kxg3 Ne4+ 29. Kf3 Nd2+ 30. Ke2 Rc2 31. Kd3 Rxa2 32. Rh7 Nb3 33. Ng4 a5 34. bxa5 bxa5 35. Rxh6 Kd8 36. Rh8+ Ke7 37.
Rb8 a4 38. g3 Nc5+ 39. Kc4 Nd7 40. Rb7 Kd6 41. Ra7 Nc5 42. Ra5 Rc2+ 43. Kb4 Nd3+ 44.
Kxa4 Nxf2 45. Rxg5 Nxg4 46. Rxg4 Re2 47. e4 Ke5 48.
Kb4 Rc2 49. Kb3 Rc8 50. h4 Kd4 51. h5 Kd3 52. Kb4 Kd4 53. Kb5 e5 54. h6 Rh8 55.
Rh4 Ke3 56. Kc5 Kf3 57. Kd5 Kxg3 58. Rh5 Kf4 59. Rf5+ Kg4 60. Rf6 Kg5 61. Kxe5 Ra8 62.
Rd6 Ra5+ 63. Ke6 Kxh6 64. e5 Kg7 65. Rd8 Ra1 66. Kd6 Ra6+ 67. Ke7 Ra1 68. e6 Re1 69. Rd2 Ra1 70. Rg2+ Kh7 71. Ke8 Ra8+ 72. Kf7 Ra1 73. Rh2# 1-0

[Event "Late-Titled-Tuesday-Blitz-April-02-2024"]
[Site "Chess.com"]
[Date "2024.04.02"]
[Round "6"]
[White "slidingknight2775"]
[Black "burritus"]
[Result "1-0"]
[WhiteElo "2599"]
[BlackElo "2431"]
[TimeControl "180+1"]
[EndTime "15:04:56 PDT"]
[Termination "slidingknight2775 won by resignation"]

1. e4 e6 2. c4 d5 3. exd5 exd5 4. d4 Nf6 5. Nc3 dxc4 6. Bxc4 Bd6 7. Nf3 O-O 8. O-O h6 9. h3 c6 10. Re1 Nbd7 11. a3 Nb6 12. Ba2 Nbd5 13. Qd3 Be6 14. Bb1 Re8 15. Bd2 Qc7 16. Bc2 Rad8 17. Rad1 Nf4 18.
Bxf4 Bxf4 19. Ne4 Nd5 20. Nc5 Nf6 21. Nxe6 Rxe6 22. Rxe6 fxe6 23. Re1 Re8 24. Bb3 Nd5 25.
Bc2 Nf6 26. Bb3 Nd5 27. Qe4 Qf7 28. Ba2 Bd6 29. Bb1 Nf6 30. Qd3 Bb8 31. Ne5 Qc7 32. Qg6 Qd8 33. Qf7+ Kh8 34. Ng6+ Kh7 35. Nf8+ Kh8 36.
Ng6+ Kh7 37. Nf4+ Kh8 38. Nxe6 Qd7 39. Qxd7 Nxd7 40. Re3 b6 41. Bf5 Nf6 42. g3 Nd5 43.
Re4 Bd6 44. h4 Nf6 45. Re2 Nd5 46. Bh3 g6 47. Bg2 Nc7 48. Bh3 Nxe6 49. Bxe6 Kg7 50. Kf1 Kf6 51. Bd7 Rxe2 52. Kxe2 c5 53. d5 Ke5 54. Be6 Kd4 55. f4 g5 56. hxg5 hxg5 57. fxg5 Bxg3 58. g6 Be5 59. d6 Bxd6 60. g7 1-0

[Event "Late-Titled-Tuesday-Blitz-April-02-2024"]
[Site "Chess.com"]
[Date "2024.04.02"]
[Round "6"]
[White "DrVelja"]
[Black "DrKerfuffle"]
[Result "0-1"]
[WhiteElo "3007"]
[BlackElo "2800"]
[TimeControl "180+1"]
[EndTime "15:04:58 PDT"]
[Termination "DrKerfuffle won by resignation"]

1. e4 c5 2. Nf3 d6 3. Nc3 Nf6 4. h3 g6 5. d4 cxd4 6. Nxd4 Bg7 7. Be3 O-O 8. Qd2 Nc6 9. g4 Nxd4 10. Bxd4 Be6 11. O-O-O Qa5 12. a3 Rfc8 13. f4 Rab8 14. g5 Nh5 15. Bxg7 Nxg7 16. Nb5 Qxd2+ 17. Rxd2 Nh5 18.
Nxa7 Rc5 19. b4 Rc3 20. Nb5 Re3 21. f5 gxf5 22. exf5 Bxf5 23. Nd4 Bg6 24. Bd3 Rc8 25. Nf5 Re5 26. Nh6+ Kg7 27. h4 Nf4 28. Bxg6 hxg6 29.
Rf1 Re4 30. Kb2 d5 31. Rdf2 e5 32. Ng4 Rc7 33. Nf6 Rec4 34. Ne8+ Kf8 35. Nxc7 Rxc7 36. Re1 Re7 37. Kb3 Ke8 38. a4 Kd7 39. a5 Kd6 40. c4 d4 41. Re4 Nh5 42. Ka4 Ke6 43. b5 f5 44. gxf6 Nxf6 45. Re1 e4 46.
a6 bxa6 47. bxa6 e3 48. Rb2 Ne4 49. Rb6+ Ke5 50. Rb7 Nc5+ 51. Kb5 Nxb7 52. a7 Nd6+ 53. Ka6 Rxa7+ 54. Kxa7 Nxc4 55. Ka6 d3 56. Kb5 d2 57. Rh1 e2 58. Kxc4 e1=Q 0-1

[Event "Late-Titled-Tuesday-Blitz-April-02-2024"]
[Site "Chess.com"]
[Date "2024.04.02"]
[Round "6"]
[White "Der_Balak_3Halak"]
[Black "kingofthenil"]
[Result "0-1"]
[WhiteElo "2429"]
[BlackElo "2788"]
[TimeControl "180+1"]
[EndTime "15:05:01 PDT"]
[Termination "kingofthenil won on time"]

1. e4 Nc6 2. Nf3 f5 3. exf5 d5 4. d4 Bxf5 5. Bd3 Bg4 6. h3 Bxf3 7. Qxf3 Nf6 8. c3 e5 9. dxe5 Nxe5 10. Qe2 Qe7 11. Bc2 O-O-O 12. O-O Ng6 13. Qxe7 Bxe7 14.
Bf5+ Kb8 15. Re1 Bd6 16. Bxg6 hxg6 17. Bg5 Rde8 18. Nd2 Nd7 19. Nf3 Nc5 20. Be3 Ne4 21. Nd2 c6 22. Nxe4 Rxe4 23. Bd4 Rhe8 24. Kf1 Bf8 25. Rxe4 Rxe4 26. Re1 Rxe1+ 27. Kxe1 c5 28.
Be5+ Kc8 29. Kd2 Kd7 30. f4 Bd6 31. Bxd6 Kxd6 32. Ke3 Ke6 33. g4 Kf6 34. h4 Ke6 35. Kd3 Kd6 36. Ke3 b6 37. Ke2 Ke6 38. Kd3 Kf6 39. a4 Ke6 40. b4 Kd6 41. a5 bxa5 42.
bxa5 a6 43. Ke3 Ke7 44. Kf3 Kf6 45. Ke3 Ke6 46. Kd3 Kd6 47. Kc2 Kc6 48. Kd3 Kd7 49. Ke2 Ke7 50. Kf3 Ke6 51. Ke3 Kd6 52. Kd3 Kc6 53.
Kd2 d4 54. cxd4 cxd4 55. Kd3 Kd5 56. g5 Ke6 57. Kxd4 Kf5 0-1

[Event "Late-Titled-Tuesday-Blitz-April-02-2024"]
[Site "Chess.com"]
[Date "2024.04.02"]
[Round "6"]
[White "FairChess_on_YouTube"]
[Black "bascheyaro"]
[Result "1-0"]
[WhiteElo "3053"]
[BlackElo "2823"]
[TimeControl "180+1"]
[EndTime "15:05:02 PDT"]
[Termination "FairChess_on_YouTube won by resignation"]

1. d4 d5 2. c4 c6 3. Nf3 Nf6 4.
Qc2 g6 5. cxd5 cxd5 6. Bf4 Nc6 7. Nc3 Bg7 8. e3 O-O 9. h3 Bf5 10. Qb3 Qb6 11. Qxb6 axb6 12. Rc1 Rfc8 13. g4 Be4 14.
Be2 Nb4 15. Kd2 e6 16. a3 Nc6 17. g5 Nd7 18. Kd1 Bxf3 19. Bxf3 Na5 20. Kc2 Bf8 21. e4 dxe4 22. Bxe4 b5 23. Kd3 b4 24. axb4 Bxb4 25. Nb5 Rxc1 26. Rxc1 Nb6 27. Be5 Be7 28. f4 Kf8 29. Ra1 Nc6 30. Rxa8+ Nxa8 31. Bxc6 bxc6 32. Na7 c5 33. Nc6 cxd4 34. Kxd4 Nb6 35. b4 Nd5 36. b5 Ba3 37. Kc4 Ke8 38. Kb3 Bc5 39. Kc4 Be3 40. Nb4 Nxf4 41. b6 Bxb6 42. Bxf4 Bd8 43. Nc6 Bb6 44. Ne5 Bd8 45. Ng4 Be7 46.
Nf6+ Kf8 47. Be5 h5 48. gxh6 Bd8 49. Kd3 Be7 50. h7 Kg7 51. Nd5+ Kxh7 52. Nxe7 g5 53. Bf6 Kh6 54. Ke4 Kh5 55. Kf3 Kh4 56. Kg2 Kh5 57. Kg3 e5 58. Bxe5 f5 59. Nxf5 1-0

[Event "Late-Titled-Tuesday-Blitz-April-02-2024"]
[Site "Chess.com"]
[Date "2024.04.02"]
[Round "6"]
[White "XDPS"]
[Black "Zavgorodniy_Sergiy"]
[Result "1-0"]
[WhiteElo "2916"]
[BlackElo "2640"]
[TimeControl "180+1"]
[EndTime "15:05:02 PDT"]
[Termination "XDPS won by resignation"]

1. d4 d5 2. Bf4 Nf6 3. e3 e6 4. Nd2 c5 5. Ngf3 Bd6 6. c3 Qc7 7. Bxd6 Qxd6 8. Ne5 O-O 9. Bd3 b6 10. f4 Ba6 11. Bc2 Nc6 12. g4 Rac8 13. g5 Nd7 14.
Ndf3 cxd4 15. exd4 f5 16. gxf6 Rxf6 17. Bxh7+ Kh8 18.
Bd3 Bxd3 19. Qxd3 Nf8 20. Ng5 Kg8 21. O-O Ne7 22. Kh1 Nf5 23. Rg1 Rh6 24. Ngf7 Qe7 25. Nxh6+ Nxh6 26. Rg5 Nf5 27. Rag1 Rc7 28. Qh3 Qf6 29. Rh5 g6 30. Rhg5 Kg7 31. Qh5 Ne7 32.
Qh4 Nf5 33. Qh3 Ne7 34. R1g4 b5 35. Qh5 a5 36. Rh4 Kg8 37. Ng4 Qg7 38. Nh6+ Kh7 39. Qe2 Qxh6 40. Rxh6+ Kxh6 41. Qe5 Rd7 42. Rg3 Kh7 43.
Rh3+ Kg8 44. Rh8+ Kf7 45. Rxf8+ Kxf8 46. Qxe6 Rc7 47. Qb6 Rc6 48. Qxb5 Rf6 49. Qxa5 Rxf4 50. a4 Kf7 51. Qc7 Rf2 52. Qb7 Ke6 53. Kg1 Rc2 54. a5 Nf5 55. Qc6+ Ke7 56. Qxd5 Rxb2 57. Qe5+ Kf7 58.
a6 Ra2 59. Qd5+ Kf6 60. Qxa2 1-0

[Event "Late-Titled-Tuesday-Blitz-April-02-2024"]
[Site "Chess.com"]
[Date "2024.04.02"]
[Round "6"]
[White "martinez_95"]
[Black "N_I_Chess"]
[Result "1-0"]
[WhiteElo "2162"]
[BlackElo "2355"]
[TimeControl "180+1"]
[EndTime "15:05:04 PDT"]
[Termination "martinez_95 won by checkmate"]

1. e4 Nf6 2. Nc3 d5 3. d3 dxe4 4. dxe4 Qxd1+ 5. Kxd1 e5 6. Bg5 Nbd7 7. Bc4 c6 8. Nf3 Bd6 9. Ke2 h6 10. Bh4 O-O 11. Rad1 Bc7 12. Bg3 Nh5 13. Nh4 a5 14.
a4 Nc5 15. Nf5 Bxf5 16. exf5 Rad8 17. f3 Nxg3+ 18. hxg3 Rd4 19. Ba2 Rb4 20. b3 e4 21.
f4 Bd8 22. Bb1 Bf6 23. Na2 Rb6 24. g4 Re8 25. Rh5 Bb2 26. g5 Ra6 27. f6 gxf6 28. gxh6 Kh7 29. Rxc5 Rg8 30. Kf1 Raa8 31. Rd7 Raf8 32.
c3 Kxh6 33. Bxe4 Rg3 34. Bf3 Rg5 35. fxg5+ Kg7 36. Rxb7 f5 37. Rxf5 Ba3 38. Bxc6 Bc1 39. Bd5 Bb2 40. Rfxf7+ Rxf7+ 41. Rxf7+ Kg6 42. Rb7 Kxg5 43. Rb5 Ba3 44. Rxa5 Kf4 45. Rb5 Ke3 46. b4 Kd2 47. a5 Bb2 48. a6 Kc2 49. a7 Kb1 50.
a8=Q Ka1 51. Qg8 Kb1 52. Qg6+ Ka1 53. Bb3 Bc1 54. Qc2 Bb2 55. Nc1 Bxc1 56. Ra5+ Ba3 57. Rxa3# 1-0

[Event "Late-Titled-Tuesday-Blitz-April-02-2024"]
[Site "Chess.com"]
[Date "2024.04.02"]
[Round "6"]
[White "Polish_fighter3000"]
[Black "LiemLe"]
[Result "1-0"]
[WhiteElo "3170"]
[BlackElo "3032"]
[TimeControl "180+1"]
[EndTime "15:05:07 PDT"]
[Termination "Polish_fighter3000 won by resignation"]

1. d4 Nf6 2. c4 e6 3. Nf3 d5 4. Nc3 Nbd7 5. Qc2 Bb4 6. cxd5 exd5 7. Bg5 h6 8. Bh4 O-O 9. a3 Bxc3+ 10. Qxc3 c6 11.
Nd2 Ne4 12. Bxd8 Nxc3 13. Ba5 Ne4 14. Rc1 Nxd2 15. Bxd2 Nb6 16. b3 Be6 17. f3 Rfd8 18. Kf2 Nc8 19. g4 Nd6 20. a4 Rac8 21. e3 b6 22. Ba6 Rc7 23. Bb4 Bc8 24. Bd3 a5 25. Ba3 Nb7 26. Rc2 Bd7 27. Be7 Re8 28. Bh4 c5 29. Bg3 Rcc8 30. Ba6 Bc6 31. Rhc1 Re6 32. h4 Rce8 33. Bf4 f6 34. h5 Kf8 35. Bxb7 Bxb7 36. dxc5 bxc5 37. Rxc5 Rb6 38. R1c3 Ra8 39. Rc7 d4 40. exd4 Bd5 41. Re3 Re8 42. Rxe8+ Kxe8 43. Rc5 Bxb3 44. Rxa5 Rb4 45. Ra7 Rxd4 46. Ke3 Rd7 47. Ra8+ Kf7 48. a5 Bd5 49. Rc8 Bb7 50. Rc5 Re7+ 51.
Kf2 Ba6 52. Rc6 Re2+ 53. Kg3 Re6 54. Rc7+ Re7 55. Rc3 Re6 56. Bc7 g6 57. Bf4 gxh5 58.
gxh5 Re7 59. Rc6 Re6 60. Rxe6 Kxe6 61. Bxh6 Kf5 62. Bg7 Bb7 63. h6 Kg6 64. f4 f5 65.
Kf2 Ba6 66. Ke3 Kh7 67. Kd4 Kg6 68. Kc5 1-0

[Event "Late-Titled-Tuesday-Blitz-April-02-2024"]
[Site "Chess.com"]
[Date "2024.04.02"]
[Round "6"]
[White "anasta10"]
[Black "combidharma"]
[Result "0-1"]
[WhiteElo "2577"]
[BlackElo "2847"]
[TimeControl "180+1"]
[EndTime "15:05:09 PDT"]
[Termination "combidharma won by resignation"]

1. Nf3 Nf6 2. c4 g6 3. Nc3 Bg7 4. e4 d6 5. d4 O-O 6. h3 Nc6 7.
d5 Nb8 8. Be3 e5 9. g4 a5 10.
Nd2 Na6 11. Rg1 Nc5 12. f3 Ne8 13. Qc2 Kh8 14. O-O-O f5 15. gxf5 gxf5 16. Bg5 Qd7 17. exf5 Qf7 18. Nde4 Bxf5 19. Be3 Bg6 20. Be2 Nf6 21.
Rdf1 Nh5 22. Qd2 Qe7 23. Nxc5 dxc5 24. Ne4 b6 25. Bd3 Nf4 26. Bc2 a4 27. a3 Bh6 28.
Rh1 Qh4 29. Kb1 Bg7 30. Ka2 Bf7 31. Kb1 Bh5 32. Bf2 Qe7 33. Be3 c6 34. d6 Qd7 35.
h4 h6 36. Rhg1 Bf7 37. Bxf4 exf4 38. Bd3 Be6 39. h5 Rf5 40. Rh1 Rg8 41. Rfg1 Qd8 42. Qe2 Re5 43. Qd2 Qf8 44. Be2 Bf5 45. Bd3 Qf7 46. Qc2 Qe6 47. Re1 Bxe4 48. Bxe4 Qxd6 49. Rhg1 Rxh5 50. Rd1 Qe5 51. Rg6 Rh3 52. Rdg1 Rh4 53.
Qg2 Rh5 54. Qf2 Rh3 55. Kc1 Rg3 56. R6xg3 fxg3 57. Qe2 Rd8 58. Rh1 Qf4+ 59. Kb1 Rd2 60. Qe1 Rxb2+ 61. Ka1 Re2+ 0-1

[Event "Late-Titled-Tuesday-Blitz-April-02-2024"]
[Site "Chess.com"]
[Date "2024.04.02"]
[Round "6"]
[White "Fh2411"]
[Black "BardArtem"]
[Result "0-1"]
[WhiteElo "2571"]
[BlackElo "2836"]
[TimeControl "180+1"]
[EndTime "15:05:10 PDT"]
[Termination "BardArtem won by checkmate"]

1. d4 d5 2. Nf3 Nf6 3. Bf4 c5 4.
e3 Nc6 5. Nbd2 g6 6. c3 cxd4 7. exd4 Bg7 8. h3 O-O 9. Bd3 Bf5 10. Bxf5 gxf5 11. Qe2 e6 12. Ne5 Nxe5 13. Bxe5 Ne4 14. Nf3 Bxe5 15. Nxe5 Qg5 16. g4 f6 17. Nd3 Kh8 18. Rg1 f4 19. Qf3 e5 20. O-O-O Rae8 21. Kb1 Qg6 22. Ka1 Re6 23. h4 h6 24. Nb4 Rd8 25.
Rge1 a5 26. Nxd5 Rxd5 27. Rxe4 Red6 28. a3 b5 29. Rde1 Qg7 30. Qe2 b4 31. dxe5 fxe5 32. Rxe5 Rxe5 33. Qxe5 Rd1+ 34. Ka2 Rxe1 35. Qxe1 bxa3 36.
Kxa3 Qxg4 37. Qe8+ Kg7 38. Qe7+ Kg6 39. Qd6+ Kh5 40. Qd5+ Kxh4 41. Qxa5 f3 42. Qd8+ Kh3 43. Qd2 Kg2 44. b4 h5 45. b5 h4 46. b6 Qc8 47. Qg5+ Kxf2 48. Kb4 h3 49. Qh4+ Kg2 50. Qg5+ Kf2 51. Qh4+ Kf1 52. Qg3 f2 53. Qh2 Ke1 54. Qe5+ Kf1 55. Qh2 Qf8+ 56. Kb5 Qf5+ 57. Ka6 Ke1 58.
b7 f1=Q+ 59. Ka7 Qa5+ 60. Kb8 Qf8# 0-1

[Event "Late-Titled-Tuesday-Blitz-April-02-2024"]
[Site "Chess.com"]
[Date "2024.04.02"]
[Round "6"]
[White "MasterSonnevanck23"]
[Black "AjedrezenMadrid"]
[Result "1-0"]
[WhiteElo "2414"]
[BlackElo "2553"]
[TimeControl "180+1"]
[EndTime "15:05:11 PDT"]
[Termination "MasterSonnevanck23 won by resignation"]

1. d4 Nf6 2. Nf3 b6 3. Bg5 Bb7 4. Bxf6 exf6 5. e3 g6 6. c4 Bg7 7. Nc3 O-O 8. g3 d6 9. Bg2 Nd7 10.
O-O f5 11. Nh4 Qc8 12. Bxb7 Qxb7 13. Qf3 c6 14. Ng2 Rfe8 15. Nf4 a6 16. Rac1 b5 17. b3 Nf6 18. h4 h5 19. a4 b4 20. Nb1 Ne4 21. Qe2 c5 22. dxc5 dxc5 23. Nd5 Rad8 24. Kh2 f4 25. Nxf4 Qe7 26. Nd5 Qe5 27. Nd2 Nc3 28. Nxc3 bxc3 29. Nf3 Qf5 30. Rfd1 c2 31. Rxd8 Rxd8 32. Kg2 Rb8 33. e4 Qg4 34. Qxc2 Re8 35. Re1 Qc8 36. e5 Qb7 37. Qd3 Rxe5 38. Rxe5 Bxe5 39.
Qd5 Qxd5 40. cxd5 Bd6 41. Nd2 Kf8 42. Nc4 Ke7 43. Kf3 f5 44. Ke3 Bb8 45. Kd3 f4 46.
gxf4 Bxf4 47. Ke4 Bb8 48. Ne5 Kd6 49. Nxg6 Bc7 50. Nf4 Bd8 51. Nxh5 Bxh4 52. Ng3 Bg5 53. f4 Bf6 54. Nf5+ Kd7 55. Ne3 Kd6 56. Nc4+ Kd7 57. Kf5 Bd4 58. Kg6 Ke7 59. f5 Bc3 60. d6+ Kd7 61. f6 Ke8 62. f7+ Kf8 63. d7 Ke7 64. f8=Q+ 1-0

[Event "Late-Titled-Tuesday-Blitz-April-02-2024"]
[Site "Chess.com"]
[Date "2024.04.02"]
[Round "6"]
[White "andrzej"]
[Black "DraningWaterHi"]
[Result "1-0"]
[WhiteElo "2478"]
[BlackElo "2290"]
[TimeControl "180+1"]
[EndTime "15:05:12 PDT"]
[Termination "andrzej won by resignation"]

1. e4 e5 2. Nf3 Nc6 3. Bb5 a6 4. Ba4 d6 5. O-O Bd7 6. c4 Nge7 7. Nc3 g6 8. d4 exd4 9. Nd5 Bg7 10. Bg5 O-O 11.
Bxc6 f6 12. Bxd7 fxg5 13. Be6+ Kh8 14. Nxg5 Nxd5 15. Nf7+ Rxf7 16. Bxf7 Nf6 17. Qb3 b6 18. Bd5 Rb8 19. Bc6 Qe7 20. Rae1 Qe5 21. f4 Qc5 22. Bd5 c6 23. Be6 Re8 24. f5 gxf5 25. exf5 Ng4 26. Qf3 Ne5 27. Qg3 Bf6 28. b3 a5 29. Kh1 d3 30. Rxe5 Qxe5 31. Qxd3 Qd4 32. Qxd4 Bxd4 33. Bd7 Re2 34. f6 Rf2 35. Rxf2 Bxf2 36. Bxc6 Kg8 37. Bd5+ Kf8 38. g3 Bd4 39. f7 Bc5 40. Kg2 Ke7 41.
Kf3 Bd4 42. Kg4 Bg7 43. Kh5 Kf6 44. h4 Kf5 45. g4+ Kf6 46. Be4 h6 47. Bd5 Bf8 48. g5+ hxg5 49. hxg5+ Kg7 50. Be6 Be7 51. g6 Bf6 52. Bd5 Be7 53. Be4 Bf8 54. Kg4 Kf6 55. Kf3 Ke5 56. Ke3 Bh6+ 57. Kd3 Bg7 58. Bc6 Kf5 59. Be4+ Kf4 60. a3 Bf8 61. Kd4 Kg5 62. Kd5 Kf6 63. Kc6 d5 64. cxd5 Bxa3 65. Kxb6 Ke7 66.
Kc6 Bb4 67. Kb5 Kf8 68. Kc6 Ke7 69. Bd3 Ba3 70. Bf5 Bb4 71. Be6 Ba3 72. g7 1-0

[Event "Late-Titled-Tuesday-Blitz-April-02-2024"]
[Site "Chess.com"]
[Date "2024.04.02"]
[Round "6"]
[White "alexrustemov"]
[Black "Shahdad2007"]
[Result "0-1"]
[WhiteElo "2851"]
[BlackElo "2600"]
[TimeControl "180+1"]
[EndTime "15:05:17 PDT"]
[Termination "Shahdad2007 won by checkmate"]

1. d4 Nf6 2. c4 g6 3. Nf3 d5 4.
cxd5 Nxd5 5. e4 Nb6 6. Nc3 Bg7 7. h3 O-O 8. Bb5 c6 9. Be2 Be6 10. O-O Bc4 11. Be3 N8d7 12. b3 Bxe2 13. Qxe2 e5 14.
Rfd1 exd4 15. Bxd4 Bxd4 16. Rxd4 Qe7 17. Rad1 Nc5 18.
Qe3 Ne6 19. R4d2 Rad8 20. e5 Rxd2 21. Rxd2 Rd8 22. Ne4 Rxd2 23. Nf6+ Kg7 24. Qxd2 Qd8 25. Qd6 Qxd6 26. Ne8+ Kf8 27. Nxd6 Nd8 28. Kf1 Ke7 29.
Ke2 Nd7 30. Nc8+ Ke6 31. Nxa7 Nxe5 32. Nxe5 Kxe5 33. Nc8 Ne6 34. Ke3 Nf4 35. Kf3 Nd3 36.
a3 Ne1+ 37. Kg3 Nc2 38. a4 Nd4 39. b4 Ne2+ 40. Kf3 Nd4+ 41. Kg4 h5+ 42. Kg5 Ne6+ 43. Kh6 Nf4 44. Kg7 Ke6 45. Na7 Nxg2 46. Nxc6 bxc6 47.
a5 Kd7 48. Kxf7 Nf4 49. Kf6 Nxh3 50. f3 Nf4 51. Kg5 Ne6+ 52. Kh4 Kc7 53. Kg3 g5 54.
Kh3 Nd4 55. Kg3 Nc2 56. f4 gxf4+ 57. Kxf4 Nxb4 58. Kg5 c5 59. Kxh5 c4 60. Kg4 c3 61.
Kf3 c2 62. Ke2 c1=Q 63. Kf3 Qd2 64. a6 Kb6 65. Kg4 Ka7 66. Kf5 Qe3 67. Kg6 Qf4 68.
Kg7 Qf5 69. Kh6 Qg4 70. Kh7 Nd5 71. Kh8 Ne7 72. Kh7 Qg6+ 73. Kh8 Qg8# 0-1

[Event "Late-Titled-Tuesday-Blitz-April-02-2024"]
[Site "Chess.com"]
[Date "2024.04.02"]
[Round "6"]
[White "giomar27"]
[Black "chucksterf10"]
[Result "1-0"]
[WhiteElo "2493"]
[BlackElo "2642"]
[TimeControl "180+1"]
[EndTime "15:05:22 PDT"]
[Termination "giomar27 won by resignation"]

1. Nc3 h6 2. e4 c5 3. Nf3 Nc6 4. d4 cxd4 5. Nxd4 Nf6 6. Nxc6 bxc6 7. e5 Ng8 8. Bc4 g6 9. Qf3 e6 10. Bf4 Rb8 11. Bb3 Bb4 12. O-O Bxc3 13. Qxc3 Ne7 14. Qd2 Nd5 15. Bg3 Ba6 16. Rfe1 h5 17. c4 Ne7 18.
Bh4 Qc7 19. Bf6 Rg8 20. Rad1 Nf5 21. h3 h4 22. Qf4 Rb4 23. Bxh4 Nxh4 24. Qxh4 Qd8 25.
Qd4 Rb7 26. Rd2 Qe7 27. Red1 c5 28. Qd3 Rh8 29. Ba4 Kf8 30. Qd6 Qxd6 31. Rxd6 Bxc4 32. Rxd7 Rxd7 33. Rxd7 Bxa2 34. Rxa7 Kg7 35. Rc7 Rh4 36. Be8 Rf4 37. Rxc5 g5 38. Bc6 Bb1 39. Rc1 Bf5 40. Rc3 Rb4 41. b3 Rb6 42. g4 Bb1 43. Kf1 Ba2 44.
Ba4 Rb4 45. f3 Kf8 46. Ke2 Ke7 47. Kd2 Bb1 48. Rc7+ Kf8 49. Rc4 Rb8 50. Kc3 Rd8 51.
Bc6 Rd3+ 52. Kb4 Ba2 53. Rc3 Rd4+ 54. Ka3 Bb1 55. Kb2 Bd3 56. Rc1 Be2 57. Rc2 Bd1 58. Rc1 Rd3 59. Rc3 Rd2+ 60. Ka3 Ke7 61. Be4 Rh2 62. b4 Rxh3 63. b5 Rh8 64. Kb4 Be2 65. b6 Rb8 66. b7 Ba6 67. Rc7+ Kd8 68. Rxf7 Ke8 69. Rh7 Kd8 70. Ka5 Bc4 71. Kb6 1-0

[Event "Late-Titled-Tuesday-Blitz-April-02-2024"]
[Site "Chess.com"]
[Date "2024.04.02"]
[Round "6"]
[White "BabageldiAnnaberdiyev"]
[Black "Flaccidmoves"]
[Result "1/2-1/2"]
[WhiteElo "2584"]
[BlackElo "2411"]
[TimeControl "180+1"]
[EndTime "15:05:22 PDT"]
[Termination "Game drawn - insufficient material"]

1. e4 d6 2. d4 Nf6 3. Nc3 e5 4. Nf3 Nbd7 5. Bc4 Be7 6. O-O O-O 7. Re1 c6 8. a4 b6 9. Bg5 Qc7 10. d5 cxd5 11. Nxd5 Qxc4 12. Nxe7+ Kh8 13. Qxd6 Nxe4 14. Rxe4 Qxe4 15. Nxc8 Raxc8 16. Qxd7 f6 17. Be3 Rxc2 18. Qxa7 Rxb2 19. h3 Ra8 20. Qf7 Rb1+ 21. Rxb1 Qxb1+ 22. Kh2 Qe4 23. h4 Qxa4 24. h5 Qe8 25. Qxe8+ Rxe8 26. Bxb6 Kg8 27. h6 gxh6 28. Nh4 Kf7 29. Be3 h5 30. Kg3 Rg8+ 31. Kf3 Rg4 32. g3 Ke6 33. Ke2 Ra4 34. Nf3 Kf5 35. Kf1 Kg4 36. Kg2 Kf5 37. Nd2 h4 38. Nb3 hxg3 39. Kxg3 Ra3 40. Nc5 h5 41. Kh4 Kg6 42. Ne6 f5 43. Nf8+ Kf7 44.
Nd7 f4 45. Nxe5+ Ke6 46. Bxf4 Kf5 47. Bg3 Ra1 48. Kh3 Rh1+ 49. Kg2 Ra1 50. Nf3 Ra2 51. Nd4+ Kg4 52. Nb5 h4 53. Bd6 h3+ 54. Kg1 Ra1+ 55.
Kh2 Ra2 56. Bg3 Ra1 57. Nd4 Ra2 58. Nc6 Ra1 59. Ne5+ Kf5 60. Kxh3 Rf1 61. Nf3 Ra1 62. Kg2 Ra2 63. Nd4+ Ke4 64. Nb3 Rb2 65. Nc5+ Kf5 66. Nd3 Ra2 67. Ne1 Ra1 68. Nc2 Ra2 69. Ne3+ Ke4 70. Nc4 Kf5 71. Kf3 Ra1 72. Ne3+ Kf6 73. Bd6 Ke6 74. Bc5 Ra2 75. Bd4 Kf7 76. Ke4 Rxf2 77.
Nd5 Rd2 78. Be5 Rxd5 79. Kxd5 1/2-1/2

[Event "Late-Titled-Tuesday-Blitz-April-02-2024"]
[Site "Chess.com"]
[Date "2024.04.02"]
[Round "6"]
[White "RichardShtivelband"]
[Black "yobdc"]
[Result "1/2-1/2"]
[WhiteElo "2313"]
[BlackElo "2592"]
[TimeControl "180+1"]
[EndTime "15:05:33 PDT"]
[Termination "Game drawn by repetition"]

1. e4 c5 2. Nf3 e6 3. d4 cxd4 4. Nxd4 a6 5. Bd3 Bc5 6. Nb3 Ba7 7. c4 d6 8. O-O Nf6 9. Nc3 e5 10. Bg5 Be6 11. Nd5 Bxd5 12. cxd5 Nbd7 13. Rc1 h6 14.
Bd2 O-O 15. Bb4 Qe7 16. Rc7 Rab8 17. Na5 Bb6 18. Rc1 Nc5 19. Qe2 Nh5 20. g3 Qg5 21. Bd2 Nf4 22. Bxf4 exf4 23. Nc4 Bc7 24. b4 Nd7 25. e5 dxe5 26. d6 Bd8 27. Qe4 g6 28. Rfe1 Re8 29. h4 Qf6 30. gxf4 Qxh4 31. fxe5 Qg5+ 32.
Kf1 b5 33. f4 Qh4 34. Na5 Bb6 35. Qf3 Rbc8 36. Nc6 Kg7 37. Ne7 Rxc1 38. Rxc1 Qh2 39.
Rc2 Qg1+ 40. Ke2 Qd4 41. a3 Nf8 42. Qe4 Ne6 43. Qxd4 Nxd4+ 44. Kd2 Nxc2 45. Kxc2 Rd8 46. Be4 Be3 47. Nc6 Rd7 48. Kd3 Bxf4 49. Kd4 h5 50. Kd5 h4 51. Nb8 Rd8 52. Nc6 Rd7 53. Nb8 Rd8 54. Nxa6 h3 55. Nc5 f6 56. exf6+ Kxf6 57. d7 h2 58. Kc6 Bg3 59. Nb7 Ke7 60. Nxd8 Kxd8 61. Kxb5 Kxd7 62. a4 Kc7 63. a5 Kb8 64. a6 Bf2 65. Kc6 g5 66. b5 Ka7 67. Kc7 g4 68.
Kd6 g3 69. Ke5 Kb6 70. Bc6 Kc7 71. Kf4 Kb6 72. Kg4 Ka7 73. Kh3 Kb6 74. Kg2 Ka7 75. Bd5 Kb6 76. Bc6 Ka7 77. Bd5 Kb6 78. Bc6 1/2-1/2